 Dungeon Crawl Stone Soup version 0.21-a0-331-gfb491b4 (webtiles) character file.

1638 tidbits the Charmwright (level 8, -1/64 HPs)
             Began as a Gnoll Skald on Oct 2, 2017.
             Was a High Priest of Cheibriados.
             Slain by a two-headed ogre
             ... wielding a +0 giant club
              (14 damage)
             ... on level 8 of the Dungeon.
             The game lasted 00:18:40 (2061 turns).

tidbits the Charmwright (Gnoll Skald)               Turns: 2061, Time: 00:18:41

Health: -1/64      AC:  7    Str: 31    XL:     8   Next: 98%
Magic:  17/17      EV: 15    Int: 32    God:    Cheibriados [*****.]
Gold:   279        SH: 14    Dex: 26    Spells: 4/19 levels left

rFire    + + .     SeeInvis .   g - +1 blowgun
rCold    . . .     Gourm    .   D - +2 shield
rNeg     . . .     Faith    .   B - +1 robe {rF+}
rPois    .         Spirit   .   E - +2 helmet {Int+3}
rElec    .         Reflect  .   (no cloak)
rCorr    .         Harm     .   G - +0 pair of gloves
MR       .....                  (no boots)
Stlth    +++.......             (no amulet)
HPRegen  0.20/turn              j - +4 ring of strength
MPRegen  0.15/turn              y - ring of protection from fire

@: very slow
A: distributed training, fangs 1, strong nose
a: Bend Time, Temporal Distortion, Slouch, Step From Time, Renounce Religion


You were on level 8 of the Dungeon.
You worshipped Cheibriados.
Cheibriados was extremely pleased with you.
You were not hungry.

You visited 1 branch of the dungeon, and saw 8 of its levels.
You also visited: Sewer and Ossuary.

You collected 279 gold pieces.

Inventory:

Hand Weapons
 a - a +3 scimitar of freezing
   (You took it off a wight on level 6 of the Dungeon)
 e - a +2 dagger of venom
   (You took it off Jessica on level 2 of the Dungeon)
 f - a -1 rapier
 g - a +1 blowgun (weapon)
 s - a +0 dagger of freezing
   (You took it off a kobold in a sewer)
 A - a +0 long sword
 C - a +0 spear of venom
   (You found it on level 4 of the Dungeon)
 L - a +0 hand axe
 Q - a +4 scythe of pain
   (You took it off Sigmund on level 6 of the Dungeon)
Missiles
 n - 105 arrows
 M - 3 throwing nets (quivered) {!f}
Armour
 v - a +0 ring mail
 B - a +1 robe of fire resistance (worn)
   (You took it off Jessica on level 2 of the Dungeon)
 D - a +2 shield (worn)
 E - a +2 helmet of intelligence (worn)
   (You found it in an ossuary)
 G - a +0 pair of gloves (worn)
 N - a +0 robe of magic resistance
   (You took it off a wight on level 6 of the Dungeon)
Magical Staves
 w - an uncursed staff of wizardry {!a}
   (You found it on level 6 of the Dungeon)
 I - an uncursed staff of cold
   (You found it on level 5 of the Dungeon)
Jewellery
 j - a +4 ring of strength (left hand)
   (You found it on level 4 of the Dungeon)
 k - an uncursed ring of ice
   (You found it on level 2 of the Dungeon)
 y - a ring of protection from fire (right hand)
   (You found it on level 5 of the Dungeon)
 F - an uncursed ring of flight
   (You found it on level 1 of the Dungeon)
Wands
 b - a wand of lightning (5/15)
 R - a wand of iceblast (3/15)
Scrolls
 h - 4 scrolls of recharging
 i - 2 scrolls of teleportation
 o - 2 scrolls of immolation
 r - 3 scrolls of remove curse
 J - 3 scrolls of amnesia {unknown}
 P - a scroll of magic mapping {unknown}
Potions
 l - a potion of haste
 p - 3 potions of curing {unknown}
 q - a potion of might {unknown}
 t - 3 potions of heal wounds
 u - 4 potions of flight
 z - 2 potions of invisibility {unknown}
 T - 3 potions of brilliance {unknown}
Books
 c - a book of Battle

   Spells                             Type                      Level
   a - Infusion                       Charms                       1
   b - Shroud of Golubria             Charms/Translocation         2
   c - Song of Slaying                Charms                       2
   d - Spectral Weapon                Hexes/Charms                 3
   e - Regeneration                   Charms/Necromancy            3
 H - a book of Cantrips
   (You found it on level 5 of the Dungeon)

   Spells                             Type                      Level
   a - Confusing Touch                Hexes                        1
   b - Animate Skeleton               Necromancy                   1
   c - Summon Small Mammal            Summoning                    1
   d - Apportation                    Translocation                1
 K - a book of Annihilations
   (You found it on level 5 of the Dungeon)

   Spells                             Type                      Level
   a - Poison Arrow                   Conjuration/Poison           6
   b - Chain Lightning                Conjuration/Air              8
   c - Lehudib's Crystal Spear        Conjuration/Earth            8
   d - Glaciate                       Conjuration/Ice              9
   e - Fire Storm                     Conjuration/Fire             9
 O - a book of Conjurations
   (You found it on level 8 of the Dungeon)

   Spells                             Type                      Level
   a - Magic Dart                     Conjuration                  1
   b - Searing Ray                    Conjuration                  2
   c - Dazzling Spray                 Conjuration/Hexes            3
   d - Fulminant Prism                Conjuration/Hexes            4
   e - Force Lance                    Conjuration/Translocation    4
   f - Iskenderun's Mystic Blast      Conjuration                  4
 V - a book of Changes
   (You found it on level 8 of the Dungeon)

   Spells                             Type                      Level
   a - Beastly Appendage              Transmutation                1
   b - Sticks to Snakes               Transmutation                2
   c - Spider Form                    Transmutation/Poison         3
   d - Ice Form                       Ice/Transmutation            4
   e - Blade Hands                    Transmutation                5
Comestibles
 d - 3 bread rations
 S - a meat ration
 U - a royal jelly


   Skills:
 + Level 5.9 Fighting
 + Level 3.6 Short Blades
 + Level 3.6 Long Blades
 + Level 5.9 Axes
 + Level 3.6 Maces & Flails
 + Level 3.6 Polearms
 + Level 3.6 Staves
 + Level 3.6 Slings
 + Level 3.6 Bows
 + Level 3.6 Crossbows
 + Level 3.6 Throwing
 + Level 4.5 Armour
 + Level 5.9 Dodging
 + Level 3.6 Stealth
   Level 0.0 Stabbing
 + Level 3.6 Shields
   Level 0.0 Traps
 + Level 3.6 Unarmed Combat
 + Level 6.2 Spellcasting
 + Level 3.6 Conjurations
 + Level 3.6 Hexes
 + Level 7.6 Charms
 + Level 3.6 Summonings
 + Level 3.6 Necromancy
 + Level 3.6 Translocations
 + Level 3.6 Transmutations
 + Level 3.6 Fire Magic
 + Level 3.6 Ice Magic
 + Level 3.6 Air Magic
 + Level 3.6 Earth Magic
 + Level 3.6 Poison Magic
 + Level 3.6 Invocations
 + Level 3.6 Evocations


You had 4 spell levels left.
You knew the following spells:

 Your Spells              Type           Power        Failure   Level  Hunger
a - Apportation           Tloc           ####..       4%          1    None
g - Shroud of Golubria    Chrm/Tloc      #####.....   3%          2    None
i - Infusion              Chrm           ####         1%          1    None
k - Sticks to Snakes      Tmut           ####....     6%          2    None
n - Animate Skeleton      Necr           N/A          4%          1    None
r - Regeneration          Chrm/Necr      #####.....   6%          3    None
w - Spectral Weapon       Hex/Chrm       #####...     6%          3    None
y - Song of Slaying       Chrm           ######..     1%          2    None


Dungeon Overview and Level Annotations

Branches:
Dungeon (8/15)             Temple (0/1) D:6
   Lair: D:8-11

Altars:
Cheibriados


Innate Abilities, Weirdness & Mutations

Your experience applies equally to all skills.
You have very sharp teeth.
Your uncanny sense of smell can sniff out nearby items.


Message History

Your spectral weapon barely misses the ice beast.
The ice beast completely misses you. You block the ice beast's attack.
You closely miss the ice beast. You bite the ice beast.
The ice beast is heavily wounded.
Your spectral weapon hits the ice beast!
You kill the ice beast!
Cheibriados thoroughly appreciates the change of pace.
You see here a jackal corpse.
Casting: Spectral Weapon
Confirm with . or Enter, or press ? or * to list all spells.
You start singing a song of slaying.
The jackal barks!
You block the jackal's attack.
You closely miss the jackal.
Your spectral weapon hits the jackal!!
Your spectral weapon freezes the jackal.
You kill the jackal!
Cheibriados appreciates the change of pace.
You block the ice beast's attack.
You slice the ice beast!!
The ice beast is severely wounded.
Your spectral weapon hits the ice beast!
You kill the ice beast!
Cheibriados thoroughly appreciates the change of pace.
Your life force feels restored.
Your spectral weapon fades away.
You hear two shouts!
The two-headed ogre shouts in stereo!
Wield which item (- for none, * to show all)? (? for menu, Esc to quit)
That's the wrong kind of item! (Use * to select it.) Wield which item (- for none, * to show all)? (? for menu, Esc to quit)
Okay, then.
Adjust (i)tems, (s)pells, or (a)bilities?
Adjust which item? (? for menu, Esc to quit)
Okay, then.
Wield which item (- for none, * to show all)? (? for menu, Esc to quit)
Your +3 scimitar of freezing stops glowing.
F - a +1 blowgun (weapon)
Adjust (i)tems, (s)pells, or (a)bilities?
Adjust which item? (? for menu, Esc to quit)
F - a +1 blowgun (weapon)
Adjust to which letter? (? for menu, Esc to quit)
g - a +1 blowgun (weapon);
F - an uncursed ring of flight Firing (i - inventory. (,) - cycle):
m - 7 needles of paralysis (quivered)
Press: ? - help, Shift-Dir - straight line, f - two-headed ogre
Aim: a two-headed ogre, wielding a giant club and a giant spiked club You shoot a needle of paralysis.
The needle of paralysis hits the two-headed ogre.
The two-headed ogre resists.
Firing (i - inventory. (,) - cycle):
m - 6 needles of paralysis (quivered)
Press: ? - help, Shift-Dir - straight line, f/p - two-headed ogre
Aim: a two-headed ogre, wielding a giant club and a giant spiked club You shoot a needle of paralysis.
The needle of paralysis hits the two-headed ogre!
The two-headed ogre resists.
Firing (i - inventory. (,) - cycle):
m - 5 needles of paralysis (quivered)
Press: ? - help, Shift-Dir - straight line, f/p - two-headed ogre
Aim: a two-headed ogre, wielding a giant club and a giant spiked club You shoot a needle of paralysis.
The needle of paralysis hits the two-headed ogre.
The two-headed ogre resists.
Your song is almost over.
You block the two-headed ogre's attack.
The two-headed ogre hits you with a giant spiked club!
Firing (i - inventory. (,) - cycle):
m - 4 needles of paralysis (quivered)
Press: ? - help, Shift-Dir - straight line, f/p - two-headed ogre
Aim: a two-headed ogre, wielding a giant club and a giant spiked club You shoot a needle of paralysis.
The needle of paralysis hits the two-headed ogre.
The two-headed ogre resists.
The two-headed ogre hits you with a giant club!!
The two-headed ogre hits you with a giant spiked club!!
* * * LOW HITPOINT WARNING * * *
Okay, then.
Evoke which item? (* to show all) (? for menu, Esc to quit)
Okay, then.
Okay, then.
As you read the scroll of fear, it crumbles to dust.
You assume a fearsome visage.
The two-headed ogre looks frightened!
Firing (i - inventory. (,) - cycle):
m - 3 needles of paralysis (quivered)
Press: ? - help, Shift-Dir - straight line, f/p - two-headed ogre
Aim: a two-headed ogre, wielding a giant club and a giant spiked club (fleeing)
You shoot a needle of paralysis.
The needle of paralysis completely misses the two-headed ogre.
Firing (i - inventory. (,) - cycle):
m - 2 needles of paralysis (quivered)
Press: ? - help, Shift-Dir - straight line, f/p - two-headed ogre
Aim: a two-headed ogre, wielding a giant club and a giant spiked club (fleeing)
You shoot a needle of paralysis.
The needle of paralysis closely misses the two-headed ogre.
Firing (i - inventory. (,) - cycle):
m - a needle of paralysis (quivered)
Press: ? - help, Shift-Dir - straight line, f/p - two-headed ogre
Aim: a two-headed ogre, wielding a giant club and a giant spiked club (fleeing)
You shoot a needle of paralysis.
The needle of paralysis hits the two-headed ogre!
The two-headed ogre resists.
Your attack snaps the two-headed ogre out of its fear.
Your song has ended.
You block the two-headed ogre's attack.
The two-headed ogre completely misses you.
The two-headed ogre hits you with a giant club!
You die...

### #####.. .# #
..##.# #.#
#.####.##.# #.#
###....#.##.####.####
###
.....#...O@...##....
..#
###......##.#.##..#
#.#
..........#....#..#
#.#
######.(.##..#....#
#)# ##(###.......#
#.# #(#
#######†#####.# +##
## #'# #.......#
#...#. .## ####.####
#.>.#O . ###
#######.###


You could see a two-headed ogre.

Vanquished Creatures
  Sigmund (D:6)
  2 ice beasts (D:8)
  A centaur (D:4)
  2 ogres
  A big kobold (Sewer)
  An elf zombie (Ossuary)
  A scorpion (D:6)
  The ghost of 4thArraOfDagon the Covered, a weakling GnWn (D:6)
  6 wights (D:6)
  A crimson imp (D:6)
  A bullfrog zombie (D:5)
  2 bullfrog skeletons
  A centaur skeleton (D:2)
  A human zombie (Ossuary)
  An orc wizard (D:4)
  A jelly (D:5)
  Jessica (D:2)
  A worker ant (D:4)
  2 big kobold zombies (Ossuary)
  2 mummies (Ossuary)
  A worker ant zombie (D:5)
  7 gnolls (D:6)
  5 adders (D:3)
  A river rat (Sewer)
  An ooze (D:2)
  A leopard gecko (D:5)
  4 orcs
  4 bats
  8 giant cockroaches
  4 goblins
  7 hobgoblins
  6 jackals
  9 kobolds
  2 quokkas
  A ball python skeleton (D:4)
  2 goblin zombies (Ossuary)
  11 hobgoblin zombies (Ossuary)
  A jackal zombie (Ossuary)
  9 kobold zombies (Ossuary)
  6 orc zombies (Ossuary)
  9 rats
  3 rat zombies (Ossuary)
132 creatures vanquished.

Notes
Turn   | Place    | Note
-------+----------+-------------------------------------------
     0 | D:1      | tidbits the Gnoll Skald began the quest for the Orb.
     0 | D:1      | Reached XP level 1. HP: 20/20 MP: 6/6
    95 | D:2      | Reached XP level 2. HP: 25/26 MP: 3/7
   113 | D:2      | Learned a level 2 spell: Song of Slaying
   116 | D:2      | Learned a level 2 spell: Shroud of Golubria
   125 | D:2      | Found a faded altar of an unknown god.
   134 | D:2      | Became a worshipper of Cheibriados the Contemplative
   134 | D:2      | Reached * piety under Cheibriados
   234 | D:2      | Reached skill level 5 in Spellcasting
   234 | D:2      | Reached XP level 3. HP: 30/31 MP: 1/9
   242 | D:2      | Learned a level 3 spell: Regeneration
   246 | D:2      | Learned a level 3 spell: Spectral Weapon
   300 | D:3      | Reached skill level 1 in Short Blades
   300 | D:3      | Reached skill level 1 in Long Blades
   300 | D:3      | Reached skill level 1 in Maces & Flails
   300 | D:3      | Reached skill level 1 in Polearms
   300 | D:3      | Reached skill level 1 in Staves
   300 | D:3      | Reached skill level 1 in Slings
   300 | D:3      | Reached skill level 1 in Bows
   300 | D:3      | Reached skill level 1 in Crossbows
   300 | D:3      | Reached skill level 1 in Throwing
   300 | D:3      | Reached skill level 1 in Stealth
   300 | D:3      | Reached skill level 1 in Shields
   300 | D:3      | Reached skill level 1 in Unarmed Combat
   300 | D:3      | Reached skill level 1 in Conjurations
   300 | D:3      | Reached skill level 1 in Hexes
   300 | D:3      | Reached skill level 1 in Summonings
   300 | D:3      | Reached skill level 1 in Necromancy
   300 | D:3      | Reached skill level 1 in Translocations
   300 | D:3      | Reached skill level 1 in Transmutations
   300 | D:3      | Reached skill level 1 in Fire Magic
   300 | D:3      | Reached skill level 1 in Ice Magic
   300 | D:3      | Reached skill level 1 in Air Magic
   300 | D:3      | Reached skill level 1 in Earth Magic
   300 | D:3      | Reached skill level 1 in Poison Magic
   300 | D:3      | Reached skill level 1 in Invocations
   300 | D:3      | Reached skill level 1 in Evocations
   326 | D:2      | Noticed Jessica
   337 | D:2      | Killed Jessica
   337 | D:2      | Reached XP level 4. HP: 20/38 MP: 2/11
   519 | D:3      | Reached XP level 5. HP: 34/43 MP: 5/12
   532 | D:3      | Reached ** piety under Cheibriados
   591 | D:3      | Found a glowing drain.
   600 | Sewer    | Entered a sewer
   645 | Sewer    | Noticed a big kobold
   651 | Sewer    | Reached skill level 3 in Armour
   659 | Sewer    | Killed a big kobold
   659 | Sewer    | Reached XP level 6. HP: 30/50 MP: 5/13
   688 | Sewer    | Found a white marble altar of Elyvilon.
   833 | D:4      | Reached skill level 5 in Fighting
   833 | D:4      | Reached skill level 5 in Axes
   833 | D:4      | Reached skill level 5 in Dodging
   839 | D:4      | Reached skill level 2 in Short Blades
   839 | D:4      | Reached skill level 2 in Long Blades
   839 | D:4      | Reached skill level 2 in Maces & Flails
   839 | D:4      | Reached skill level 2 in Polearms
   839 | D:4      | Reached skill level 2 in Staves
   839 | D:4      | Reached skill level 2 in Slings
   839 | D:4      | Reached skill level 2 in Bows
   839 | D:4      | Reached skill level 2 in Crossbows
   839 | D:4      | Reached skill level 2 in Throwing
   839 | D:4      | Reached skill level 2 in Stealth
   839 | D:4      | Reached skill level 2 in Shields
   839 | D:4      | Reached skill level 2 in Unarmed Combat
   839 | D:4      | Reached skill level 2 in Conjurations
   839 | D:4      | Reached skill level 2 in Hexes
   839 | D:4      | Reached skill level 2 in Summonings
   839 | D:4      | Reached skill level 2 in Necromancy
   839 | D:4      | Reached skill level 2 in Translocations
   839 | D:4      | Reached skill level 2 in Transmutations
   839 | D:4      | Reached skill level 2 in Fire Magic
   839 | D:4      | Reached skill level 2 in Ice Magic
   839 | D:4      | Reached skill level 2 in Air Magic
   839 | D:4      | Reached skill level 2 in Earth Magic
   839 | D:4      | Reached skill level 2 in Poison Magic
   839 | D:4      | Reached skill level 2 in Invocations
   839 | D:4      | Reached skill level 2 in Evocations
   874 | D:4      | Reached *** piety under Cheibriados
   938 | D:4      | Reached XP level 7. HP: 56/56 MP: 10/15
   976 | D:5      | Entered Level 5 of the Dungeon
  1211 | D:5      | Reached skill level 7 in Charms
  1258 | D:5      | Learned a level 1 spell: Animate Skeleton
  1260 | D:5      | Learned a level 1 spell: Apportation
  1451 | D:6      | Noticed 4thArraOfDagon's ghost (weakling GnWn)
  1477 | D:6      | Killed 4thArraOfDagon's ghost
  1499 | D:6      | Reached XP level 8. HP: 51/63 MP: 1/16
  1527 | D:6      | Noticed Sigmund
  1534 | D:6      | Killed Sigmund
  1534 | D:6      | Reached skill level 3 in Short Blades
  1534 | D:6      | Reached skill level 3 in Long Blades
  1534 | D:6      | Reached skill level 3 in Maces & Flails
  1534 | D:6      | Reached skill level 3 in Polearms
  1534 | D:6      | Reached skill level 3 in Staves
  1534 | D:6      | Reached skill level 3 in Slings
  1534 | D:6      | Reached skill level 3 in Bows
  1534 | D:6      | Reached skill level 3 in Crossbows
  1534 | D:6      | Reached skill level 3 in Throwing
  1534 | D:6      | Reached skill level 4 in Armour
  1534 | D:6      | Reached skill level 3 in Stealth
  1534 | D:6      | Reached skill level 3 in Shields
  1534 | D:6      | Reached skill level 3 in Unarmed Combat
  1534 | D:6      | Reached skill level 3 in Conjurations
  1534 | D:6      | Reached skill level 3 in Hexes
  1534 | D:6      | Reached skill level 3 in Summonings
  1534 | D:6      | Reached skill level 3 in Necromancy
  1534 | D:6      | Reached skill level 3 in Translocations
  1534 | D:6      | Reached skill level 3 in Transmutations
  1534 | D:6      | Reached skill level 3 in Fire Magic
  1534 | D:6      | Reached skill level 3 in Ice Magic
  1534 | D:6      | Reached skill level 3 in Air Magic
  1534 | D:6      | Reached skill level 3 in Earth Magic
  1534 | D:6      | Reached skill level 3 in Poison Magic
  1534 | D:6      | Reached skill level 3 in Invocations
  1534 | D:6      | Reached skill level 3 in Evocations
  1615 | D:6      | Reached skill level 6 in Spellcasting
  1620 | D:6      | HP: 4/63 [wight/enchanted spear (7)]
  1638 | D:6      | Reached **** piety under Cheibriados
  1673 | D:6      | Found a staircase to the Ecumenical Temple.
  1779 | D:8      | Found a sand-covered staircase.
  1795 | Ossuary  | Entered an ossuary
  1892 | Ossuary  | Reached ***** piety under Cheibriados
  1990 | D:8      | Noticed a two-headed ogre
  2015 | D:8      | Learned a level 2 spell: Sticks to Snakes
  2061 | D:8      | Slain by a two-headed ogre

Vault maps used:
D:1:      dpeg_arrival_round_a
D:2:      chequers_temple_overflow_statue_of_worship,
          chequers_ecumenical_altar_simple_redux, first_bread,
          minmay_crystal_water, uniq_jessica
D:3:      gup_sewer_entry_bubbles
D:6:      temple_fountains, uniq_sigmund
D:7:      minmay_strange_pillars, uniq_prince_ribbit1
D:8:      erik_lair_dragon, serial_shops, kennysheep_little_box,
          nicolae_ossuary_entry_false_entrances
Sewer:    sewer_kobolds
Ossuary:  ossuary_tomb_1

Skill      XL: |  1  2  3  4  5  6  7  8 |
---------------+-------------------------+-----
Spellcasting   | 5 6 |  6.2
Short Blades   | 1 2 3 |  3.6
Long Blades    | 1 2 3 |  3.6
Maces & Flails | 1 2 3 |  3.6
Polearms       | 1 2 3 |  3.6
Staves         | 1 2 3 |  3.6
Slings         | 1 2 3 |  3.6
Bows           | 1 2 3 |  3.6
Crossbows      | 1 2 3 |  3.6
Throwing       | 1 2 3 |  3.6
Stealth        | 1 2 3 |  3.6
Shields        | 1 2 3 |  3.6
Unarmed Combat | 1 2 3 |  3.6
Conjurations   | 1 2 3 |  3.6
Hexes          | 1 2 3 |  3.6
Summonings     | 1 2 3 |  3.6
Necromancy     | 1 2 3 |  3.6
Translocations | 1 2 3 |  3.6
Transmutations | 1 2 3 |  3.6
Fire Magic     | 1 2 3 |  3.6
Ice Magic      | 1 2 3 |  3.6
Air Magic      | 1 2 3 |  3.6
Earth Magic    | 1 2 3 |  3.6
Poison Magic   | 1 2 3 |  3.6
Invocations    | 1 2 3 |  3.6
Evocations     | 1 2 3 |  3.6
Armour         | 3 4 |  4.5
Fighting       | 5 |  5.9
Axes           | 5 |  5.9
Dodging        | 5 |  5.9
Charms         | 7 |  7.6

Action                   |  1- 3 |  4- 6 |  7- 9 || total
-------------------------+-------+-------+-------++-------
Melee: Hand axe          |    39 |       |       ||    39
       Bite              |     3 |    15 |    26 ||    44
       Rapier            |     8 |   103 |     7 ||   118
       Long sword        |       |       |    38 ||    38
       Dagger            |       |       |    11 ||    11
       Scimitar          |       |       |    71 ||    71
 Fire: Blowgun           |       |       |     7 ||     7
 Cast: Infusion          |     4 |     1 |       ||     5
       Song of Slaying   |     3 |     5 |     7 ||    15
       Spectral Weapon   |     2 |    10 |    16 ||    28
       Regeneration      |       |     7 |     8 ||    15
       Shroud of Golubri |       |     2 |     2 ||     4
 Abil: Evoke Flight      |     1 |       |       ||     1
  Use: Scroll            |     4 |     5 |     5 ||    14
       Potion            |       |       |     2 ||     2
 Stab: Sleeping          |       |     2 |     2 ||     4
       Distracted        |       |       |     1 ||     1
  Eat: Chunk             |       |       |     2 ||     2
       Royal jelly       |       |       |     1 ||     1
Armor: Leather armour    |    12 |    27 |       ||    39
       Robe              |       |     5 |    25 ||    30
Dodge: Dodged            |    47 |   111 |    74 ||   232
Block: Shield            |       |       |    87 ||    87
       Rpst.: Long sword |       |       |     6 ||     6
       Scimitar          |       |       |     8 ||     8

Table legend:
 A = Spawn XP
 B = Non-spawn XP
 C = Spawn XP percentage of total XP
 D = Spawn monster count
 E = Non-spawn monster count
 F = Spawn count percentage of total count
 G = Total turns spent on level
                    A         B        C        D         E        F      G
               +---------+---------+-------+---------+---------+-------+---------
         Total |       0 |    2340 |   0.0 |       0 |     132 |   0.0 |  2061
               +---------+---------+-------+---------+---------+-------+---------
           D:1 |       0 |      14 |   0.0 |       0 |       8 |   0.0 |   158
           D:2 |       0 |     112 |   0.0 |       0 |      18 |   0.0 |   270
           D:3 |       0 |      91 |   0.0 |       0 |      18 |   0.0 |   273
           D:4 |       0 |     365 |   0.0 |       0 |      10 |   0.0 |   228
           D:5 |       0 |     141 |   0.0 |       0 |       5 |   0.0 |   345
           D:6 |       0 |     991 |   0.0 |       0 |      21 |   0.0 |   325
           D:8 |       0 |     260 |   0.0 |       0 |       4 |   0.0 |    97
         Sewer |       0 |     119 |   0.0 |       0 |      10 |   0.0 |   124
       Ossuary |       0 |     247 |   0.0 |       0 |      38 |   0.0 |   195
               +---------+---------+-------+---------+---------+-------+---------

Table legend:
 A = Turns spent in this place as a percentage of turns spent in the entire game.
 B = Non-inter-level travel turns spent in this place as a percentage of non-inter-level travel turns spent in the entire game.
 C = Inter-level travel turns spent in this place as a percentage of turns spent in this place.
 D = Turns resting spent in this place as a percentage of non-inter-level travel turns spent in this place.
 E = Turns spent auto-exploring this place as a percentage of non-inter-level travel turns spent in this place.
 F = Non-inter-level travel turns spent in this place divided by the number of levels of this place that you've seen.
                   A       B       C       D       E      F
               +-------+-------+-------+-------+-------+----------------------
         Total | 100.0 | 100.0 |   2.1 |   0.0 |   0.0 | 201.8
       Dungeon |  84.5 |  84.2 |   2.5 |   0.0 |   0.0 | 212.4
         Sewer |   6.0 |   6.1 |   0.0 |   0.0 |   0.0 | 124.0
       Ossuary |   9.5 |   9.7 |   0.0 |   0.0 |   0.0 | 195.0
               +-------+-------+-------+-------+-------+----------------------

Table legend:
 A = Kills in this place as a percentage of kills in entire the game.
 B = Kills by you in this place as a percentage of kills by you in the entire game.
 C = Kills by friends in this place as a percentage of kills by friends in the entire game.
 D = Other kills in this place as a percentage of other kills in the entire game.
 E = Experience gained in this place as a percentage of experience gained in the entire game.
 F = Experience gained in this place divided by the number of levels of this place that you have seen.
                   A       B       C       D       E      F
               +-------+-------+-------+-------+-------+----------------------
         Total | 100.0 | 100.0 |   N/A |   N/A | 100.0 | 234.0
       Dungeon |  63.6 |  63.6 |   N/A |   N/A |  84.4 | 246.8
         Sewer |   7.6 |   7.6 |   N/A |   N/A |   5.1 | 119.0
       Ossuary |  28.8 |  28.8 |   N/A |   N/A |  10.6 | 247.0
               +-------+-------+-------+-------+-------+----------------------

Vault maps used:
D:1:      dpeg_arrival_round_a
D:2:      chequers_temple_overflow_statue_of_worship,
          chequers_ecumenical_altar_simple_redux, first_bread,
          minmay_crystal_water, uniq_jessica
D:3:      gup_sewer_entry_bubbles
D:6:      temple_fountains, uniq_sigmund
D:7:      minmay_strange_pillars, uniq_prince_ribbit1
D:8:      erik_lair_dragon, serial_shops, kennysheep_little_box,
          nicolae_ossuary_entry_false_entrances
Sewer:    sewer_kobolds
Ossuary:  ossuary_tomb_1
